[Event "Titled Tuesday Blitz May 23 Early 2023"]
[White "Mahdavi, Reza"]
[Black "brm72"]
[WhiteFideId "12595926"]
[WhiteElo "2352"]
[BlackElo "2601"]
[Result "1-0"]
[Round "06"]
[TimeControl "180+2"]
[Date "2023.05.23"]
[WhiteClock "0:01:16"]
[BlackClock "0:00:55"]

1. e4 c5 2. Nf3 d6 3. d4 cxd4 4. Qxd4 Nc6 5. Bb5 Bd7 6. Bxc6 Bxc6 7. Nc3 Nf6 8. Bg5 e6 9. O-O-O Be7 10. Qd3 O-O 11. Nd4 Qa5 12. h4 Rac8 13. f3 a6 14. Bd2 Qc7 15. g4 b5 16. g5 Nd7 17. a3 Ne5 18. Qe2 Nc4 19. Kb1 d5 20. Nxc6 Qxc6 21. exd5 Nxd2+ 22. Rxd2 Qc7 23. dxe6 Bc5 24. Nd5 Qb7 25. e7 Rfe8 26. Nf6+ gxf6 27. gxf6 Kh8 28. Qg2 Rg8 29. Rd8 1-0


[Site "https://www.chess.com"]

[Event "Titled Tuesday Blitz May 23 Early 2023"]
[White "Gharibyan, Mamikon"]
[Black "Miranda, Rafael"]
[WhiteFideId "13308300"]
[BlackFideId "130990"]
[WhiteElo "2445"]
[BlackElo "2204"]
[Result "1/2-1/2"]
[Round "06"]
[TimeControl "180+2"]
[Date "2023.05.23"]
[WhiteClock "0:00:12"]
[BlackClock "0:00:18"]

1. b3 c5 2. Bb2 Nc6 3. e4 e5 4. Nf3 d6 5. Bc4 Be7 6. O-O Nf6 7. Nc3 O-O 8. h3 Nd4 9. a3 Be6 10. Re1 h6 11. Rb1 Rc8 12. d3 Qd7 13. Kh2 a6 14. a4 Nh7 15. Nd5 Bd8 16. Nxd4 cxd4 17. b4 Qxa4 18. f4 Bxd5 19. Bxd5 Qd7 20. f5 Bg5 21. Bb3 Nf6 22. Ra1 d5 23. Qf3 dxe4 24. dxe4 Bf4+ 25. g3 Bd2 26. Red1 Bxb4 27. Ra4 Bc3 28. Bxc3 Rxc3 29. Qxc3 dxc3 30. Rxd7 Nxd7 31. Rc4 Nf6 32. Kg2 Rd8 33. Kf3 Kf8 34. Rxc3 Ke7 35. g4 Rd4 36. h4 Nxe4 37. Rc7+ Kd6 38. Rxf7 Nd2+ 39. Kg3 Nxb3 40. cxb3 Rd3+ 41. Kf2 Rxb3 42. Rxg7 a5 43. f6 a4 44. g5 hxg5 45. hxg5 a3 46. Rg8 Ke6 47. Ra8 Kf7 48. Ke2 e4 49. Kd2 e3+ 50. Ke2 Kg6 51. Kf3 Kf7 52. Ke2 Kg6 53. Rg8+ Kf7 54. Ra8 1/2-1/2


[Site "https://www.chess.com"]

[Event "Titled Tuesday Blitz May 23 Early 2023"]
[White "Garv Gaur"]
[Black "Sattarov, Bobir"]
[WhiteFideId "45030839"]
[BlackFideId "14203081"]
[WhiteElo "2068"]
[BlackElo "2351"]
[Result "0-1"]
[Round "06"]
[TimeControl "180+2"]
[Date "2023.05.23"]
[WhiteClock "0:00:00"]
[BlackClock "0:00:56"]

1. Nf3 Nf6 2. d4 d5 3. Bf4 c5 4. e3 Nc6 5. c3 Qb6 6. Qb3 c4 7. Qc2 Bf5 8. Qc1 e6 9. Nbd2 Be7 10. h3 h6 11. Be2 O-O 12. O-O Rfc8 13. Bd1 Qd8 14. Bc2 Bxc2 15. Qxc2 b5 16. e4 b4 17. Rfe1 a5 18. exd5 Qxd5 19. Ne5 Nxe5 20. Rxe5 Qd7 21. Ne4 Nd5 22. Bd2 a4 23. cxb4 Bxb4 24. Bxb4 Nxb4 25. Qc3 Nd5 26. Qg3 Qd8 27. Nc3 Nb4 28. Rh5 Kf8 29. d5 Nxd5 30. Rd1 Qf6 31. Rh4 a3 32. bxa3 Nxc3 33. Re1 Nd5 0-1


[Site "https://www.chess.com"]

[Event "Titled Tuesday Blitz May 23 Early 2023"]
[White "Kilic, Eray"]
[Black "Tsyhanchuk, Stanislav"]
[WhiteFideId "44517173"]
[BlackFideId "13505130"]
[WhiteElo "2328"]
[BlackElo "2173"]
[Result "1-0"]
[Round "06"]
[TimeControl "180+2"]
[Date "2023.05.23"]
[WhiteClock "0:00:34"]
[BlackClock "0:00:00"]

1. e4 c5 2. Nf3 d6 3. d4 cxd4 4. Nxd4 Nf6 5. Nc3 a6 6. Be3 e5 7. Nf3 Be7 8. Bc4 O-O 9. O-O b5 10. Bd5 Nxd5 11. Nxd5 Nd7 12. a4 Bb7 13. axb5 axb5 14. Rxa8 Bxa8 15. Qd3 Nf6 16. Nd2 Nxd5 17. exd5 Qd7 18. Ra1 f5 19. Ra7 Qe8 20. f3 Bh4 21. b3 Qb8 22. Ra5 f4 23. Rxb5 Qc8 24. Bf2 Be7 25. Ne4 Qa6 26. c4 Qa1+ 27. Qf1 Qb2 28. h3 Rc8 29. Qe1 Qa3 30. Bh4 Bf8 31. Ng5 Rc5 32. Qe4 g6 33. Rb8 Qa7 34. Rxf8+ Kxf8 35. Ne6+ Kf7 36. Nxc5 Qxc5+ 37. Bf2 Qb4 38. Qb1 Bb7 39. Qa2 Kg8 40. Qa7 Qxb3 41. Qb8+ Kg7 42. Qxd6 Qxc4 43. Qe7+ Kh6 44. Qxb7 Qc1+ 45. Kh2 e4 46. Qe7 e3 47. Bh4 1-0


[Site "https://www.chess.com"]

[Event "Titled Tuesday Blitz May 23 Early 2023"]
[White "Lenderman, Aleksandr"]
[Black "Liu, Casper"]
[WhiteFideId "2021285"]
[BlackFideId "1454153"]
[WhiteElo "2607"]
[BlackElo "2221"]
[Result "1-0"]
[Round "06"]
[TimeControl "180+2"]
[Date "2023.05.23"]
[WhiteClock "0:00:30"]
[BlackClock "0:00:34"]

1. e4 c5 2. Nf3 d6 3. d4 Nf6 4. dxc5 Nxe4 5. cxd6 Nxd6 6. Be2 Nc6 7. O-O g6 8. c4 Bg7 9. Nc3 O-O 10. Bf4 Be6 11. Rc1 Nxc4 12. Ng5 Qxd1 13. Rfxd1 Nxb2 14. Rd2 Bxc3 15. Rxc3 Na4 16. Ra3 Nb6 17. Nxe6 fxe6 18. Be3 Nd5 19. Bh6 Rfd8 20. Bg4 Kf7 21. Re2 Nd4 22. Re1 Nf6 23. Bd1 a6 24. Rh3 Rac8 25. Be3 Nf5 26. Bb3 Rc6 27. Rf3 Kg7 28. Bg5 Ne4 29. Rxe4 Nd4 30. Rxd4 Rxd4 31. g3 Rc7 32. Bxe6 Rc2 33. Rf7+ Kh8 34. Rf8+ Kg7 35. Rg8# 1-0


[Site "https://www.chess.com"]

[Event "Titled Tuesday Blitz May 23 Early 2023"]
[White "Durarbayli, Vasif"]
[Black "Prohaszka, Peter"]
[WhiteFideId "13402935"]
[BlackFideId "726265"]
[WhiteElo "2551"]
[BlackElo "2626"]
[Result "1-0"]
[Round "06"]
[TimeControl "180+2"]
[Date "2023.05.23"]
[WhiteClock "0:00:15"]
[BlackClock "0:00:01"]

1. e4 c6 2. d4 d5 3. exd5 cxd5 4. c4 Nf6 5. Nc3 Nc6 6. Nf3 Be6 7. c5 g6 8. Bb5 Bg7 9. h3 O-O 10. O-O Ne4 11. Re1 Bf5 12. Qa4 Rc8 13. Bf4 a6 14. Bxc6 Nxc3 15. bxc3 Rxc6 16. Ne5 Rc8 17. Qb4 f6 18. Nf3 Qd7 19. Re2 Bd3 20. Rb2 Bb5 21. a4 Bc6 22. Rba2 Rce8 23. Re1 Qf5 24. Bc7 e5 25. Bd6 Rf7 26. dxe5 fxe5 27. Rae2 e4 28. Nd4 Qd7 29. a5 Bf8 30. Bxf8 Rexf8 31. Rd2 Qe7 32. Nc2 Qh4 33. Qd4 g5 34. Re3 h5 35. Rg3 g4 36. hxg4 hxg4 37. Ne3 Rg7 38. c4 dxc4 39. Qxc4+ Kh7 40. Rd6 Rxf2 41. Kxf2 Rf7+ 42. Qxf7+ 1-0


[Site "https://www.chess.com"]

[Event "Titled Tuesday Blitz May 23 Early 2023"]
[White "demon64fields"]
[Black "Simonian, Hrair"]
[BlackFideId "13302337"]
[WhiteElo "2868"]
[BlackElo "2447"]
[Result "1-0"]
[Round "06"]
[TimeControl "180+2"]
[Date "2023.05.23"]
[WhiteClock "0:01:37"]
[BlackClock "0:00:11"]

1. Nf3 Nf6 2. g3 b6 3. Bg2 Bb7 4. O-O e6 5. d3 c5 6. Nbd2 d5 7. e4 Nc6 8. Re1 Be7 9. e5 Nd7 10. h4 Qc7 11. Qe2 h6 12. Nf1 O-O-O 13. N1h2 Rdg8 14. Ng4 g5 15. h5 Bf8 16. c3 d4 17. cxd4 cxd4 18. Bd2 Kb8 19. Rac1 a5 20. a3 a4 21. Rc4 b5 22. Rc2 Be7 23. Rec1 Qb6 24. Rxc6 Bxc6 25. Rxc6 Qxc6 26. Nxd4 Qc5 27. Nc6+ Kc7 28. Ba5+ Nb6 29. d4 Qxc6 30. Bxc6 Kxc6 31. Qf3+ Nd5 32. Qxf7 Kd7 33. Nf6+ 1-0


[Site "https://www.chess.com"]

[Event "Titled Tuesday Blitz May 23 Early 2023"]
[White "MKlose11"]
[Black "Stribuk, Artiom"]
[BlackFideId "13515659"]
[WhiteElo "2682"]
[BlackElo "2303"]
[Result "0-1"]
[Round "06"]
[TimeControl "180+2"]
[Date "2023.05.23"]
[WhiteClock "0:00:23"]
[BlackClock "0:00:12"]

1. e4 c5 2. Nc3 Nc6 3. g3 g6 4. Bg2 Bg7 5. d3 d6 6. Be3 e5 7. Qd2 Nge7 8. Bh6 O-O 9. Bxg7 Kxg7 10. f4 f6 11. Nf3 Be6 12. O-O Qd7 13. Rae1 Rae8 14. a3 b6 15. Rf2 Nd4 16. Nd1 Nec6 17. c3 Nxf3+ 18. Bxf3 d5 19. Ne3 d4 20. Nd5 exf4 21. Nxf4 Ne5 22. c4 Bg8 23. Ref1 b5 24. b3 bxc4 25. bxc4 Rb8 26. Qa5 Rfc8 27. Bd1 Rb1 28. Ba4 Qb7 29. Bb5 Rxf1+ 30. Rxf1 Qb6 31. Qa4 a6 32. Bd7 Rb8 33. h4 Qb3 34. Qxa6 Nxd7 35. Qd6 Qb7 36. Qe7+ Kh8 37. h5 Rf8 38. h6 Rf7 39. Qd8 Qb8 40. Qa5 Ne5 41. Nd5 Nxd3 42. Nxf6 Qxg3+ 43. Kh1 Qh4+ 44. Kg2 Rxf6 45. Rxf6 Qxf6 46. Qc7 Qf2+ 47. Kh3 Qf3+ 48. Kh2 Qf4+ 49. Qxf4 Nxf4 50. Kg3 g5 51. a4 Bxc4 52. a5 Ba6 53. Kg4 Ne6 54. Kf5 Bc8 55. Ke5 d3 56. Kd6 d2 57. Ke7 d1=Q 58. e5 Qd8+ 0-1


[Site "https://www.chess.com"]

[Event "Titled Tuesday Blitz May 23 Early 2023"]
[White "Maltsevskaya, Aleksandra"]
[Black "Salinas Herrera, Pablo"]
[WhiteFideId "24174041"]
[BlackFideId "3407128"]
[WhiteElo "2302"]
[BlackElo "2546"]
[Result "1-0"]
[Round "06"]
[TimeControl "180+2"]
[Date "2023.05.23"]
[WhiteClock "0:01:19"]
[BlackClock "0:00:09"]

1. e4 c5 2. Nf3 e6 3. Nc3 a6 4. d4 cxd4 5. Nxd4 Qc7 6. Bd3 d6 7. O-O Nd7 8. f4 Ngf6 9. Be3 b5 10. a4 b4 11. Na2 Bb7 12. f5 e5 13. Nf3 Nxe4 14. Bxe4 Bxe4 15. Nxb4 Nf6 16. c3 a5 17. Nc2 h6 18. Na3 Be7 19. Nb5 Qc6 20. Qe2 O-O 21. Nd2 Qb7 22. Nxe4 Qxe4 23. Qd2 Qc6 24. Rad1 d5 25. Rfe1 Rfe8 26. Bf2 Bf8 27. Bg3 Bd6 28. Bh4 Rad8 29. Bxf6 Bc5+ 30. Kh1 Qxf6 31. Nc7 Rf8 32. Nxd5 Qxf5 33. b4 axb4 34. cxb4 Bd4 35. Ne7+ 1-0


[Site "https://www.chess.com"]

[Event "Titled Tuesday Blitz May 23 Early 2023"]
[White "HamedWafa4"]
[Black "Molina, Roberto Junio Brito"]
[BlackFideId "2109450"]
[WhiteElo "2610"]
[BlackElo "2376"]
[Result "1/2-1/2"]
[Round "06"]
[TimeControl "180+2"]
[Date "2023.05.23"]
[WhiteClock "0:00:04"]
[BlackClock "0:00:17"]

1. e4 c6 2. d4 d5 3. e5 Bf5 4. h4 Qb6 5. Nc3 h6 6. g4 Bd7 7. h5 e6 8. Nce2 c5 9. c3 Nc6 10. Nf3 O-O-O 11. Bg2 Kb8 12. O-O Rc8 13. dxc5 Bxc5 14. Ned4 Nxd4 15. Nxd4 Ne7 16. Rb1 Nc6 17. Nxc6+ Bxc6 18. b4 Be7 19. Be3 Qa6 20. Re1 Bb5 21. Qd2 Rhd8 22. Bd4 Bg5 23. f4 Bh4 24. Rec1 Be7 25. Ra1 Qc6 26. Rcb1 Qc4 27. Bf1 Qc6 28. Bg2 Rd7 29. a4 Bxa4 30. b5 Bxb5 31. Bxa7+ Kc7 32. Bd4 Bc5 33. Kh2 Bxd4 34. Qxd4 Ba6 35. f5 Kd8 36. g5 hxg5 37. fxe6 Qxe6 38. Bh3 f5 39. Rb6 Rc6 40. Rab1 g4 41. Rxc6 Qxc6 42. Bg2 Qh6 43. e6 Qxe6 44. Rb6 Rd6 45. Rxd6+ Qxd6+ 46. Kg1 Qh6 47. Bxd5 Ke7 48. Qe5+ Kd8 49. Qb8+ Kd7 50. Qe5 Qxh5 51. Qe6+ Kc7 52. Qe5+ Kd8 53. Qd6+ Ke8 54. Qe6+ Kd8 55. Qd6+ Ke8 56. Qb8+ Ke7 57. Qe5+ Kd8 58. Qd6+ 1/2-1/2


[Site "https://www.chess.com"]

[Event "Titled Tuesday Blitz May 23 Early 2023"]
[White "Korchmar, Vasiliy"]
[Black "Karthik Venkataraman"]
[WhiteFideId "24131750"]
[BlackFideId "25006479"]
[WhiteElo "2370"]
[BlackElo "2419"]
[Result "0-1"]
[Round "06"]
[TimeControl "180+2"]
[Date "2023.05.23"]
[WhiteClock "0:00:03"]
[BlackClock "0:00:23"]

1. e4 a5 2. d4 d6 3. Bd3 c6 4. Ne2 e5 5. O-O Nd7 6. c3 Ngf6 7. f4 Be7 8. Kh1 O-O 9. Be3 Re8 10. Nd2 Bf8 11. Ng3 b5 12. a4 bxa4 13. Qxa4 Bb7 14. fxe5 dxe5 15. Nf5 exd4 16. cxd4 Nc5 17. Qc2 Nxd3 18. Qxd3 Ba6 19. Qc2 Bxf1 20. Rxf1 g6 21. Bg5 gxf5 22. e5 Qxd4 23. Bxf6 Bg7 24. Qxf5 Bxf6 25. Qxf6 Qxe5 26. Qxf7+ Kh8 27. Nc4 Qg7 28. Qh5 Rf8 29. Rg1 Rf4 30. Nxa5 Qf6 31. Nb7 Rf1 32. Qc5 Raa1 0-1


[Site "https://www.chess.com"]

[Event "Titled Tuesday Blitz May 23 Early 2023"]
[White "Filgueira, Hernan"]
[Black "Suyarov, Mukhammadzokhid"]
[WhiteFideId "101770"]
[BlackFideId "14210495"]
[WhiteElo "2363"]
[BlackElo "2361"]
[Result "0-1"]
[Round "06"]
[TimeControl "180+2"]
[Date "2023.05.23"]
[WhiteClock "0:00:04"]
[BlackClock "0:01:53"]

1. c4 e5 2. Nc3 g6 3. d4 Nc6 4. Nf3 exd4 5. Nxd4 Bg7 6. Nxc6 dxc6 7. g3 Qxd1+ 8. Nxd1 Be6 9. Ne3 O-O-O 10. h4 Nf6 11. Bh3 Bxh3 12. Rxh3 Rhe8 13. Rb1 Ne4 14. h5 g5 15. g4 Be5 16. Rf3 f6 17. Nf5 Rd7 18. Rd3 Rxd3 19. exd3 Nc5 20. Be3 Nxd3+ 21. Ke2 Nxb2 22. Rc1 Na4 23. Rc2 b6 24. h6 Bf4 25. Kf3 Bxe3 26. fxe3 Nc5 27. Ng3 Nd7 28. Nh5 Ne5+ 29. Kg3 Re6 30. Rf2 Nd7 31. Rf3 Kd8 32. a3 Ke7 33. Ng7 Re4 34. Nf5+ Kf7 35. Nd4 Ne5 36. Rf5 Rxe3+ 37. Kg2 Re4 0-1


[Site "https://www.chess.com"]

[Event "Titled Tuesday Blitz May 23 Early 2023"]
[White "Bryakin, Mikhail"]
[Black "bubeliang"]
[WhiteFideId "4165314"]
[WhiteElo "2467"]
[BlackElo "2605"]
[Result "0-1"]
[Round "06"]
[TimeControl "180+2"]
[Date "2023.05.23"]
[WhiteClock "0:01:41"]
[BlackClock "0:00:13"]

1. Nf3 Nf6 2. e3 g6 3. d4 Bg7 4. Bd3 d5 5. O-O O-O 6. b3 c5 7. Bb2 cxd4 8. exd4 Nc6 9. Ne5 Bf5 10. a3 Rc8 11. Nd2 Bxd3 12. cxd3 e6 13. Ndf3 Nd7 14. Re1 Ncxe5 15. dxe5 Rc6 16. b4 a6 17. Bd4 Qc7 18. Qd2 Rc8 19. h4 h5 20. Qg5 Nf8 21. g4 hxg4 22. Qxg4 Rc2 23. Kg2 Qe7 24. h5 gxh5 25. Qxh5 Ng6 26. Qg4 Bh6 27. Rh1 Kg7 28. Rh3 Rh8 29. Rah1 Ra2 30. Be3 Bxe3 31. Rxh8 Rxf2+ 32. Kg3 Rxf3+ 33. Qxf3 Qg5+ 34. Qg4 Bf4+ 35. Kh3 Kxh8 36. Qxg5 Bxg5 37. Kg4+ Bh4 38. d4 Kg7 39. Rc1 Bf2 40. Rc7 Bxd4 41. Rxb7 Nxe5+ 42. Kf4 Nc4 43. a4 Bc3 44. b5 axb5 45. axb5 Ba5 46. Kg5 Bd2+ 47. Kg4 Kf6 48. Rc7 Ba5 49. Rc6 Ne5+ 50. Kf4 Nxc6 51. bxc6 Bc7+ 52. Kf3 Ke7 53. Ke3 Kd6 54. Kd3 Kxc6 0-1


[Site "https://www.chess.com"]

[Event "Titled Tuesday Blitz May 23 Early 2023"]
[White "Vitiugov, Nikita"]
[Black "Sielecki, Christof"]
[WhiteFideId "4152956"]
[BlackFideId "4620437"]
[WhiteElo "2673"]
[BlackElo "2443"]
[Result "1-0"]
[Round "06"]
[TimeControl "180+2"]
[Date "2023.05.23"]
[WhiteClock "0:00:04"]
[BlackClock "0:00:00"]

1. e4 c5 2. Nf3 a6 3. c3 d5 4. exd5 Qxd5 5. d4 e6 6. Be3 Nd7 7. c4 Qc6 8. Nc3 Ngf6 9. Be2 b6 10. d5 exd5 11. cxd5 Qc7 12. O-O Bd6 13. a4 O-O 14. h3 Re8 15. Re1 Bb7 16. Bc4 Ne5 17. Nxe5 Bxe5 18. Qb3 Bd4 19. Rad1 Bxe3 20. Rxe3 Rxe3 21. fxe3 Qd6 22. e4 Nd7 23. Be2 Ne5 24. Rf1 Bc8 25. Nd1 Bd7 26. Qa3 h6 27. Nf2 Qb8 28. Rc1 Qd6 29. a5 Bb5 30. Bd1 Nc4 31. Qc3 Nxa5 32. e5 Qxd5 33. Bf3 Qd8 34. Rd1 Qe8 35. Bxa8 Qxa8 36. Ng4 Nc6 37. Rd6 Nd4 38. Qe3 Bc6 39. Nxh6+ gxh6 40. Rxh6 Ne6 41. Qg3+ Ng7 42. Rd6 Be4 43. Qg5 Kh7 44. Qh4+ Kg8 45. Rd8+ 1-0


[Site "https://www.chess.com"]

[Event "Titled Tuesday Blitz May 23 Early 2023"]
[White "Gorovets, Andrey"]
[Black "djokovic74"]
[WhiteFideId "13504037"]
[WhiteElo "2459"]
[BlackElo "2603"]
[Result "1-0"]
[Round "06"]
[TimeControl "180+2"]
[Date "2023.05.23"]
[WhiteClock "0:00:09"]
[BlackClock "0:00:04"]

1. Nf3 Nf6 2. g3 e6 3. c4 d5 4. d4 Be7 5. Nc3 O-O 6. Bg2 c6 7. O-O Nbd7 8. Qd3 b6 9. Rd1 Ba6 10. b3 c5 11. e3 Rc8 12. Nb5 Bxb5 13. cxb5 Ne4 14. Bb2 Bf6 15. Rac1 Qc7 16. Rc2 Qb8 17. Rdc1 g6 18. a4 Bg7 19. Ne1 Nd6 20. Ba3 Nb7 21. h4 Rfd8 22. h5 Bf8 23. hxg6 hxg6 24. Bb2 Bg7 25. Nf3 Na5 26. Nd2 Qd6 27. b4 c4 28. Qc3 Nb7 29. f4 f5 30. Nf3 Qe7 31. Ne5 Bxe5 32. dxe5 Nf8 33. Kf2 Rd7 34. Rh1 Rcc7 35. Bf3 Qd8 36. Qd4 Rh7 37. Rcc1 Qe7 38. Bc3 Qe8 39. g4 fxg4 40. Bxg4 Nd8 41. e4 dxe4 42. Qxe4 Rxh1 43. Rxh1 Rh7 44. Rd1 Rd7 45. Qxc4 Rxd1 46. Bxd1 Qd7 47. Qd4 Qh7 48. Kg2 Nf7 49. Bg4 Qh4 50. Bh3 g5 51. fxg5 Qxg5+ 52. Qg4 Kg7 53. Qxg5+ Nxg5 54. Bg4 Kf7 55. a5 Ke7 56. Bd4 Nd7 57. Kg3 Ne4+ 58. Kf4 Nd2 59. Be2 Nb3 60. Bc3 Kd8 61. Bc4 Nc1 62. Ke3 bxa5 63. bxa5 Nc5 64. Bd4 N1b3 65. Bxb3 Nxb3 66. a6 Nxd4 67. Kxd4 Kd7 68. Kc4 Kc8 69. Kc5 Kc7 70. b6+ axb6+ 71. Kb5 Kb8 72. Kxb6 Ka8 73. Kc6 Ka7 74. Kd6 Kxa6 75. Kxe6 Kb7 76. Kd7 Kb6 77. e6 1-0


[Site "https://www.chess.com"]

[Event "Titled Tuesday Blitz May 23 Early 2023"]
[White "Spitzl, Vinzent"]
[Black "Stoleriu, George"]
[WhiteFideId "12901253"]
[BlackFideId "1227505"]
[WhiteElo "2225"]
[BlackElo "2308"]
[Result "1/2-1/2"]
[Round "06"]
[TimeControl "180+2"]
[Date "2023.05.23"]
[WhiteClock "0:00:29"]
[BlackClock "0:00:03"]

1. e4 c6 2. d4 d5 3. exd5 cxd5 4. Bd3 Nc6 5. c3 Nf6 6. Bf4 Bg4 7. Qb3 e5 8. h3 exf4 9. hxg4 Qe7+ 10. Ne2 O-O-O 11. Nd2 Kb8 12. g5 Ng4 13. Nf3 Nxf2 14. Kxf2 Qe3+ 15. Kf1 Qxd3 16. Rd1 Qf5 17. Qb5 Bd6 18. Rh4 Rhe8 19. Qd3 Re4 20. Nd2 Qxg5 21. Nxe4 Qxh4 22. Nxd6 Rxd6 23. Ng1 Re6 24. Nf3 Qh5 25. Qd2 Qg4 26. c4 Rh6 27. cxd5 Rh1+ 28. Ng1 Ne7 29. Re1 Nxd5 30. Qa5 Ne3+ 31. Rxe3 Qd1+ 32. Re1 Qd3+ 33. Kf2 Qxd4+ 34. Kf3 Qd3+ 35. Kf2 Qd4+ 36. Kf3 Qd3+ 37. Kf2 Qd4+ 1/2-1/2


[Site "https://www.chess.com"]

[Event "Titled Tuesday Blitz May 23 Early 2023"]
[White "Javakhadze, Zurab"]
[Black "Bayo Milagro, Alvaro"]
[WhiteFideId "13603647"]
[BlackFideId "22275240"]
[WhiteElo "2381"]
[BlackElo "2270"]
[Result "1/2-1/2"]
[Round "06"]
[TimeControl "180+2"]
[Date "2023.05.23"]
[WhiteClock "0:00:23"]
[BlackClock "0:01:17"]

1. Nf3 d5 2. g3 c6 3. Bg2 Bg4 4. O-O Nd7 5. d3 e6 6. Nbd2 Ngf6 7. h3 Bh5 8. e4 Bc5 9. Qe2 O-O 10. c3 dxe4 11. dxe4 Ne5 12. g4 Nxf3+ 13. Bxf3 Bg6 14. Kg2 Nd7 15. Nc4 b5 16. Ne3 Ne5 17. Rd1 Qf6 18. Rf1 Rad8 19. Nc2 Rd3 20. Be3 Bxe3 21. Nxe3 Rfd8 22. Rad1 h5 23. Rxd3 Rxd3 24. Rd1 hxg4 25. hxg4 Rxd1 26. Qxd1 Qf4 27. Qd8+ Kh7 28. Qh4+ Kg8 29. Qd8+ Kh7 30. Qh4+ Kg8 31. Qd8+ 1/2-1/2


[Site "https://www.chess.com"]

[Event "Titled Tuesday Blitz May 23 Early 2023"]
[White "Vestby-Ellingsen, Mads"]
[Black "Starozhilov, Leonid"]
[WhiteFideId "1520857"]
[BlackFideId "14106752"]
[WhiteElo "2244"]
[BlackElo "2352"]
[Result "0-1"]
[Round "06"]
[TimeControl "180+2"]
[Date "2023.05.23"]
[WhiteClock "0:00:00"]
[BlackClock "0:01:39"]

1. d4 Nf6 2. c4 g6 3. h4 h5 4. Qc2 Bg7 5. e4 Nc6 6. Nf3 d6 7. a3 Bg4 8. Be3 Bxf3 9. gxf3 e5 10. d5 Nd4 11. Qd1 O-O 12. Nc3 c5 13. dxc6 bxc6 14. Bg2 a5 15. Ne2 c5 16. Nxd4 cxd4 17. Bd2 a4 18. Bf1 Nd7 19. b4 axb3 20. Qxb3 Nc5 21. Qc2 Bf6 22. a4 Bxh4 23. a5 Bg5 24. Bxg5 Qxg5 25. Bd3 Rfb8 26. Ke2 Rb3 27. Rhd1 Rc3 28. Qb1 Qd8 29. a6 Rxa6 30. Rxa6 Nxa6 31. Rc1 Rxc1 32. Qxc1 Nc5 33. f4 Qf6 34. fxe5 dxe5 35. Bb1 h4 36. Qh1 Qf4 37. Qg2 Nb3 38. Bc2 Qd2+ 39. Kf1 Qxc2 40. Qg5 Qc1+ 41. Kg2 Qxg5+ 0-1


[Site "https://www.chess.com"]

[Event "Titled Tuesday Blitz May 23 Early 2023"]
[White "Hoffmann, Asa"]
[Black "Gheorghiu, Calin"]
[WhiteFideId "2001470"]
[BlackFideId "1200305"]
[WhiteElo "2117"]
[BlackElo "2223"]
[Result "1-0"]
[Round "06"]
[TimeControl "180+2"]
[Date "2023.05.23"]
[WhiteClock "0:00:21"]
[BlackClock "0:00:09"]

1. d4 Nf6 2. Bg5 e6 3. Nd2 d5 4. e3 Nbd7 5. f4 b6 6. Bd3 Bb7 7. Ngf3 Be7 8. O-O c5 9. c3 O-O 10. Ne5 Ne4 11. Bxe7 Qxe7 12. Bxe4 dxe4 13. Qh5 Nf6 14. Qh4 cxd4 15. exd4 Nd5 16. Qxe7 Nxe7 17. Rae1 f6 18. Nec4 Ba6 19. Rxe4 Rac8 20. b3 Nd5 21. Rf3 Rc6 22. Kf2 Nxc3 23. Rxc3 b5 24. Ke3 Rfc8 25. Kd3 h5 26. g3 Kf7 27. a4 bxc4+ 28. bxc4 Bb7 29. Re1 Ra6 30. Rb1 Bc6 31. Rb4 f5 32. d5 Bxa4 33. dxe6+ Kxe6 34. Nf3 Bc6 35. Nd4+ Kf6 36. Nxc6 Raxc6 37. Rb5 Rd6+ 38. Kc2 Re8 39. c5 Re2+ 40. Kb3 Rdd2 41. c6 Rb2+ 42. Kc4 Re4+ 43. Kc5 Rxb5+ 44. Kxb5 Re8 45. c7 Rc8 46. Kc6 a5 47. Kd7 1-0


[Site "https://www.chess.com"]

[Event "Titled Tuesday Blitz May 23 Early 2023"]
[White "Kozak, Adam"]
[Black "Ezat, Mohamed"]
[WhiteFideId "753246"]
[BlackFideId "10600906"]
[WhiteElo "2469"]
[BlackElo "2386"]
[Result "1-0"]
[Round "06"]
[TimeControl "180+2"]
[Date "2023.05.23"]
[WhiteClock "0:01:02"]
[BlackClock "0:00:00"]

1. d4 Nf6 2. Nf3 g6 3. b3 Bg7 4. Bb2 O-O 5. g3 d6 6. Bg2 e5 7. dxe5 Nfd7 8. O-O Nc6 9. c4 a5 10. Nc3 Ndxe5 11. Qd2 a4 12. Nd5 Be6 13. Nd4 Bxd5 14. cxd5 Nxd4 15. Bxd4 axb3 16. axb3 Rxa1 17. Rxa1 Nd7 18. Bxg7 Kxg7 19. Rc1 Re8 20. e3 Nf6 21. Qc3 Re7 22. g4 h6 23. h4 Re5 24. f4 Nxg4 25. fxe5 Qxh4 26. e6+ Kh7 27. Qe1 Qh2+ 28. Kf1 Qe5 29. exf7 Qf6+ 30. Kg1 Qxf7 31. Qg3 h5 32. Rf1 Qe7 33. Bh3 Ne5 34. b4 b5 35. Be6 c5 36. dxc6 Qxe6 37. c7 Qc4 38. Qf4 Qxc7 39. Qe4 Qe7 40. Kg2 Qg5+ 41. Kf2 Qf6+ 42. Ke2 Qe6 43. Rc1 Qh3 44. Rc7+ Kh8 45. Qa8+ 1-0


[Site "https://www.chess.com"]

[Event "Titled Tuesday Blitz May 23 Early 2023"]
[White "Bruedigam, Martin"]
[Black "Hansen, Eric"]
[WhiteFideId "24608033"]
[BlackFideId "2606771"]
[WhiteElo "2331"]
[BlackElo "2561"]
[Result "0-1"]
[Round "06"]
[TimeControl "180+2"]
[Date "2023.05.23"]
[WhiteClock "0:01:51"]
[BlackClock "0:02:42"]

1. d4 c6 2. e4 d5 3. exd5 cxd5 4. Bd3 Nc6 5. c3 Nf6 6. Bf4 Bg4 7. Nf3 Qc8 8. O-O e6 9. Nbd2 Be7 10. Qe1 O-O 11. Qe3 Re8 12. Ne5 Bf5 13. Rae1 Bxd3 14. Nxd3 b5 15. a3 a5 16. b4 axb4 17. axb4 Ra3 18. Nc5 Nxb4 19. Nb1 Nc2 20. Qd2 Ra2 0-1


[Site "https://www.chess.com"]

[Event "Titled Tuesday Blitz May 23 Early 2023"]
[White "Shevtchenko, Olesya"]
[Black "Remizov, Yaroslav"]
[WhiteFideId "24131890"]
[BlackFideId "34134015"]
[WhiteElo "2003"]
[BlackElo "2400"]
[Result "1-0"]
[Round "06"]
[TimeControl "180+2"]
[Date "2023.05.23"]
[WhiteClock "0:01:05"]
[BlackClock "0:00:08"]

1. e4 c6 2. Nf3 d5 3. exd5 cxd5 4. h3 Bf5 5. d4 e6 6. c3 Bd6 7. Bb5+ Nc6 8. O-O Ne7 9. Re1 O-O 10. Nbd2 a6 11. Bf1 b5 12. a3 Rb8 13. Nh4 Bg6 14. Nxg6 hxg6 15. b4 Bc7 16. a4 Nf5 17. axb5 axb5 18. Nb3 Qd6 19. g3 Nxg3 20. fxg3 Qxg3+ 21. Bg2 Qxc3 22. Re3 Qc4 23. Bf1 Bf4 24. Bxc4 Bxe3+ 25. Bxe3 bxc4 26. Nc5 Rxb4 27. Bd2 Rb5 28. Bc3 Rfb8 29. Qg4 e5 30. Nd7 Rb1+ 31. Rxb1 Rxb1+ 32. Kg2 Rb3 33. Nc5 Rxc3 34. Qc8+ Kh7 35. Qxc6 Rc2+ 36. Kf1 exd4 37. Qxd5 d3 38. Ne4 f5 39. Ng5+ Kh6 40. Nf7+ Kh5 41. Qf3+ Kh4 42. Qf4+ Kxh3 43. Ng5# 1-0


[Site "https://www.chess.com"]

[Event "Titled Tuesday Blitz May 23 Early 2023"]
[White "Siva Mahadevan"]
[Black "surrenderPLS"]
[WhiteFideId "25043153"]
[WhiteElo "2249"]
[BlackElo "2553"]
[Result "1-0"]
[Round "06"]
[TimeControl "180+2"]
[Date "2023.05.23"]
[WhiteClock "0:01:12"]
[BlackClock "0:00:07"]

1. e4 c5 2. Nf3 d6 3. d4 cxd4 4. Nxd4 Nf6 5. Nc3 e5 6. Nde2 Be7 7. g3 O-O 8. Bg2 a6 9. a4 Be6 10. O-O Nbd7 11. h3 h5 12. Bg5 Nh7 13. Bxe7 Qxe7 14. Qd2 Rfd8 15. Rad1 Nb6 16. b3 Nf6 17. a5 Nbd7 18. Qxd6 Qxd6 19. Rxd6 Kf8 20. Rfd1 Ke7 21. Na4 Rac8 22. c4 Rc6 23. Rxc6 bxc6 24. f4 g6 25. fxe5 Nxe5 26. Rxd8 Kxd8 27. Nd4 Nfd7 28. Kf2 c5 29. Ne2 Nc6 30. e5 Nxa5 31. Nc1 Kc7 32. Ke3 Nc6 33. Nd3 Ncxe5 34. Nxe5 Nxe5 35. Nxc5 Bc8 36. Kf4 f6 37. Ne4 Nd3+ 38. Ke3 Nc1 39. b4 Na2 40. b5 axb5 41. cxb5 Bb7 42. Bf1 Bxe4 43. Kxe4 Kb6 44. Kd5 Nc3+ 45. Ke6 Ne4 46. Bd3 f5 47. Ke5 Nxg3 48. Kf4 Ne4 49. h4 Nd2 50. Be2 Ne4 51. Ke5 Ng3 52. Bd3 f4 53. Kxf4 Nf5 54. Bxf5 gxf5 55. Kxf5 Kxb5 56. Kg5 Kb6 57. Kxh5 Kc6 58. Kg6 Kd7 59. h5 Ke8 60. Kg7 1-0


[Site "https://www.chess.com"]